 Dungeon Crawl Stone Soup version 0.22-a0-77-g0fd0111 (webtiles) character file.

701 KristoblXynda the Covert (level 7, -3/55 HPs)
             Began as a Naga Enchanter on Jan 14, 2018.
             Was an Initiate of Ashenzari.
             Slain by a gnoll
             ... wielding a +0 spear
              (7 damage)
             ... on level 4 of the Dungeon.
             The game lasted 00:11:24 (5303 turns).

KristoblXynda the Covert (Naga Enchanter)           Turns: 5303, Time: 00:11:25

Health: -3/55      AC:  4    Str: 11    XL:     7   Next: 66%
Magic:  8/13       EV: 10    Int: 17    God:    Ashenzari [......]
Gold:   195        SH:  0    Dex: 11    Spells: 9/14 levels left

rFire    . . .     SeeInvis +   a - +2 dagger
rCold    . . .     Gourm    .   (no shield)
rNeg     . . .     Faith    .   b - +1 robe
rPois    +         Spirit   .   (no helmet)
rElec    .         Reflect  .   (no cloak)
rCorr    .         Harm     .   (no gloves)
MR       .....                  (no barding)
Stlth    ++++......             (no amulet)
HPRegen  0.18/turn              (no ring)
MPRegen  0.13/turn              (no ring)

@: short of breath, very slightly contaminated, very slow
A: large, see invisible, deformed body, poison resistance, slowness 2, slow
metabolism 1, spit poison 1, AC +2
a: Spit Poison, Curse Item, Renounce Religion


You were on level 4 of the Dungeon.
You worshipped Ashenzari.
Ashenzari was noncommittal.
You were not hungry.

You visited 2 branches of the dungeon, and saw 5 of its levels.

You collected 195 gold pieces.

Inventory:

Hand Weapons
 a - a +2 dagger (weapon)
Missiles
 r - 2 throwing nets (quivered)
Armour
 b - a +1 robe (worn)
Wands
 g - a wand of polymorph (6)
Scrolls
 f - a scroll of magic mapping {unknown}
 o - a scroll of remove curse
 p - 3 scrolls of teleportation {unknown}
 q - a scroll of enchant weapon
Potions
 e - a potion of flight
 i - a potion of ambrosia
 j - a potion of mutation
 k - 2 potions of curing
 l - a potion of resistance {unknown}
 m - 3 potions of might
 n - 2 potions of agility
Books
 c - a book of Maledictions

   Spells                             Type                      Level
   a - Corona                         Hexes                        1
   b - Ensorcelled Hibernation        Hexes/Ice                    2
   c - Confuse                        Hexes                        3
   d - Tukima's Dance                 Hexes                        3
   e - Dazzling Spray                 Conjuration/Hexes            3
Comestibles
 d - 6 rations


   Skills:
 + Level 2.4 Short Blades
 - Level 1.5 Dodging
 + Level 8.3 Stealth
 + Level 4.4 Spellcasting
 + Level 5.3 Hexes


You had 9 spell levels left.
You knew the following spells:

 Your Spells              Type           Power        Failure   Level  Hunger
b - Ensorcelled Hibernat  Hex/Ice        ##....       8%          2    ##.....
c - Confuse               Hex            ###.....     4%          3    ###....


Dungeon Overview and Level Annotations

Branches:
Dungeon (4/15)             Temple (1/1) D:4

Altars:
Ashenzari
Dithmenos
Fedhas
Gozag
Hepliaklqana
Kikubaaqudgha
Makhleb
Nemelex Xobeh
Okawaru
Qazlal
Sif Muna
Trog
Uskayaw
Vehumet
Xom
Yredelemnul
Zin
The Shining One

Annotations:
D:4 anet's ghost, amateur HaWz


Innate Abilities, Weirdness & Mutations

You cannot wear boots.
Your serpentine skin is tough. (AC +2)
You have supernaturally acute eyesight. (SInv)
Armour fits poorly on your strangely shaped body.
Your system is resistant to poisons. (rPois)
You cover ground very slowly.
You have a slow metabolism.
You can spit poison.


Message History

The gnoll sergeant hits you with a trident!
* * * LOW HITPOINT WARNING * * *
You feel much better. The gnoll closely misses you. x2
The gnoll sergeant hits you with a trident!
Casting: Ensorcelled Hibernation
Confirm with . or Enter, or press ? or * to list all spells.
Aiming: Ensorcelled Hibernation
Press: ? - help, Shift-Dir - straight line, f/p - gnoll sergeant
Aim: a gnoll sergeant, wielding a trident and wearing a ring mail (heavily wounded, chance to defeat MR: 43%)
The gnoll sergeant resists with some effort.
The gnoll hits you from afar with a spear.
* * * LOW HITPOINT WARNING * * *
The gnoll barely misses you.
The gnoll sergeant hits you with a trident!
* * * LOW HITPOINT WARNING * * *
As you read the scroll labeled DIOH WUTARO, it crumbles to dust.
It is a scroll of enchant weapon.
Your +1 dagger glows red for a moment.
The gnoll hits you from afar with a spear!
You die...

##########...........
##....................
#.....................
###.#######........###
#.≈≈≈≈≈≈≈≈≈.....##
#.≈##≈≈≈##≈.....# #
#.≈#######≈....## #
#.≈≈#g..#≈≈##### #
#..@gg.[#≈≈# ##
##≈≈#g..#≈≈# #.
#≈###### #. #≈# ##.
#≈≈ ##.. ### #...
######### ##...
####.......# #....
#..........#######...


You could see a gnoll sergeant and 3 gnolls.

Vanquished Creatures
  Sigmund (D:3)
  A water moccasin (D:3)
  A phantom (D:3)
  3 orc wizards (D:4)
  A hound (D:3)
  2 orc priests (D:3)
  An iguana (D:4)
  A worker ant (D:4)
  A gnoll (D:1)
  2 adders
  2 worms
  2 dart slugs
  4 leopard geckos
  11 orcs
  3 giant cockroaches
  7 goblins
  5 hobgoblins
  12 jackals
  A ball python (D:2)
  6 bats
  3 frilled lizards
  A jackal skeleton (D:4)
  5 kobolds
  9 rats
85 creatures vanquished.

Notes
Turn   | Place    | Note
-------+----------+-------------------------------------------
     0 | D:1      | KristoblXynda the Naga Enchanter began the quest for the Orb.
     0 | D:1      | Reached XP level 1. HP: 15/15 MP: 3/3
    89 | D:1      | Reached XP level 2. HP: 21/22 MP: 5/5
   253 | D:1      | Learned a level 2 spell: Ensorcelled Hibernation
   714 | D:1      | Reached skill level 5 in Stealth
   714 | D:1      | Reached XP level 3. HP: 17/28 MP: 3/6
  1546 | D:2      | Learned a level 3 spell: Confuse
  1742 | D:2      | Reached XP level 4. HP: 36/36 MP: 2/8
  2284 | D:3      | Noticed Sigmund
  2367 | D:3      | Found a hide-covered altar of Uskayaw.
  2426 | D:3      | Killed Sigmund
  2426 | D:3      | Reached skill level 6 in Stealth
  2426 | D:3      | Reached XP level 5. HP: 27/42 MP: 1/10
  2426 | D:3      | Reached XP level 6. HP: 32/49 MP: 1/11
  2607 | D:3      | Noticed a water moccasin
  2653 | D:3      | Killed a water moccasin
  2653 | D:3      | Reached skill level 7 in Stealth
  2873 | D:3      | Noticed a phantom
  2935 | D:3      | Killed a phantom
  2935 | D:3      | Reached skill level 5 in Hexes
  2935 | D:3      | Reached XP level 7. HP: 28/55 MP: 1/13
  3187 | D:3      | Found a burning altar of Makhleb.
  3783 | D:4      | Reached skill level 8 in Stealth
  3837 | D:4      | Found a staircase to the Ecumenical Temple.
  3901 | D:4      | Noticed anet's ghost (amateur HaWz)
  3915 | D:4      | HP: 2/55 [anet's ghost/magic dart (5)]
  4373 | Temple   | Entered the Ecumenical Temple
  4516 | Temple   | Became a worshipper of Ashenzari the Shackled
  5303 | D:4      | Slain by a gnoll

Vault maps used:
D:1:      tarquinn_simple_flora_water_f
D:2:      minmay_crystal_room, minmay_fountain_box, minmay_splitting_lines,
          minmay_misc_feat_secret_circle
D:3:      makhleb_heckhound_becter, nicolae_overflow_crystal_walls,
          first_ration, uniq_sigmund
D:4:      minmay_temple_entry_hall, hangedman_abyss_or_decor_stabs,
          lightli_minifort, uniq_edmund
Temple:   nicolae_temple_elliptical

Skill      XL: |  1  2  3  4  5  6  7 |
---------------+----------------------+-----
Stealth        | 5 6 7 8 |  8.3
Spellcasting   | 3 4 |  4.4
Hexes          | 4 5 |  5.3
Short Blades   | 2 |  2.4
Dodging        | |  1.5

Action                   |  1- 3 |  4- 6 |  7- 9 || total
-------------------------+-------+-------+-------++-------
Melee: Dagger            |    68 |    89 |   113 ||   270
       Unarmed           |       |     9 |       ||     9
 Cast: Corona            |     1 |       |       ||     1
       Ensorcelled Hiber |    19 |    11 |    34 ||    64
       Confuse           |       |     9 |       ||     9
 Abil: Spit Poison       |     4 |     5 |     1 ||    10
  Use: Scroll            |       |    11 |     4 ||    15
       Potion            |       |     2 |     2 ||     4
 Stab: Sleeping          |    21 |    11 |    22 ||    54
       Confused          |       |     3 |       ||     3
  Eat: Chunk             |     2 |     3 |     3 ||     8
       Ration            |       |     1 |     1 ||     2
Armor: Robe              |    15 |    10 |    59 ||    84
       Skin              |       |    19 |       ||    19
Dodge: Dodged            |    38 |    36 |    98 ||   172

Table legend:
 A = Spawn XP
 B = Non-spawn XP
 C = Spawn XP percentage of total XP
 D = Spawn monster count
 E = Non-spawn monster count
 F = Spawn count percentage of total count
 G = Total turns spent on level
                    A         B        C        D         E        F      G
               +---------+---------+-------+---------+---------+-------+---------
         Total |       0 |    1002 |   0.0 |       0 |      85 |   0.0 |  5303
               +---------+---------+-------+---------+---------+-------+---------
           D:1 |       0 |      48 |   0.0 |       0 |      22 |   0.0 |  1283
           D:2 |       0 |      50 |   0.0 |       0 |      19 |   0.0 |   939
           D:3 |       0 |     670 |   0.0 |       0 |      21 |   0.0 |  1735
           D:4 |       0 |     234 |   0.0 |       0 |      23 |   0.0 |  1186
               +---------+---------+-------+---------+---------+-------+---------
